 Dungeon Crawl Stone Soup version 0.28.0 (webtiles) character file.

Game seed: 3873754094906747139

17 mortz the Conjurer (level 2, 0/19 HPs)
             Began as a Human Conjurer on Feb 12, 2022.
             Was a Follower of Wu Jian.
             Slain by a worm (4 damage)
             ... on level 2 of the Dungeon.
             The game lasted 00:08:37 (1325 turns).

mortz the Conjurer (Human Conjurer)                 Turns: 1325, Time: 00:08:37

Health: 0/19       AC: 10    Str:  7    XL:     2   Next: 80%
Magic:  5/5        EV: -1    Int: 18    God:    Wu Jian [*.....]
Gold:   91         SH:  0    Dex: 11    Spells: 4/5 levels left

rFire   . . .      SeeInvis .   m - staff of poison
rCold   . . .      Faith    .   (no shield)
rNeg    . . .      Spirit   .   l - +0 plate armour
rPois   +          Reflect  .   (no helmet)
rElec   .          Harm     .   (no cloak)
rCorr   .          Rampage  .   (no gloves)
Will    .....                   (no boots)
Stlth   ..........              (no amulet)
HPRegen 0.06/turn               (no ring)
MPRegen 0.09/turn               (no ring)

@: no status effects
A: no striking features
a: Renounce Religion


You were on level 2 of the Dungeon.
You worshipped Wu Jian.
Wu Jian was aware of your devotion.
You visited 1 branch of the dungeon, and saw 2 of its levels.

You collected 91 gold pieces.

Inventory:

Hand Weapons
 c - a +1 whip of venom
 e - a +0 short sword
 u - a +0 rapier
Missiles
 j - 18 bolts
Armour
 a - a +0 robe
 l - a +0 plate armour (worn)
Magical Staves
 m - a staff of poison (weapon)
Scrolls
 f - a scroll of identify {unknown}
 g - a scroll of noise {unknown}
 h - a scroll of fear {unknown}
 k - a scroll of magic mapping {unknown}
 n - a scroll of blinking {unknown}
Potions
 o - a potion of lignification {unknown}
 q - a potion of heal wounds {unknown}


   Skills:
 + Level 0.2 Staves
 + Level 0.2 Armour
 + Level 2.0 Dodging
 + Level 2.0 Stealth
 + Level 2.0 Spellcasting
 + Level 4.6 Conjurations


You had 4 spell levels left.
You knew the following spells:

 Your Spells              Type           Power      Damage    Failure   Level
a - Magic Dart            Conj           72%        1d6       100%        1

Your spell library contained the following spells:

 Spells                   Type           Power      Damage    Failure   Level
 Searing Ray              Conj           36%        2d5       100%        2
 Dazzling Flash           Conj/Hex       20%        N/A       100%        3
 Fulminant Prism          Conj/Hex       5%         3d7       100%        4
 Iskenderun's Mystic Bla  Conj/Tloc      10%        2d4       100%        4


Dungeon Overview and Level Annotations

Branches:
Dungeon (2/15)

Altars:
Wu Jian

Shops:
D:1 (


Message History

There is a stone staircase leading down here.
Found a rapier.
You see here a +0 rapier.
u - a +0 rapier Done exploring.
Done exploring.
There is a stone staircase leading down here.
You drop a +0 whip.
You drop a +0 dagger. x2
You drop a +0 robe.
You drop a +0 spear.
You drop a +0 dagger.
You drop a +0 club.
There is a stone staircase leading down here.
You climb downwards.
Found a stone staircase leading down.
There is a stone staircase leading up here.
You hit the worm. You punch the worm.
The worm is lightly wounded.
You hit the worm but do no damage.
The worm is lightly wounded.
The worm bites you!
You hit the worm.
The worm is lightly wounded.
The worm bites you.
You hit the worm.
The worm is moderately wounded.
You hit the worm but do no damage.
The worm is moderately wounded.
The worm bites you!
* * * LOW HITPOINT WARNING * * *
You hit the worm but do no damage.
The worm is moderately wounded.
The worm bites you but does no damage.
You barely miss the worm.
The worm is lightly wounded.
You hit the worm.
The worm is moderately wounded.
The worm bites you.
You die...

# #. #..
#...### #
#....##
#...#.>w##
#...@.#
+.....#
#.....#
..#....#
## ##.#.#
#. .# #.
.# #. .#


You could see a worm.

Vanquished Creatures
  A dart slug (D:1)
  2 endoplasms (D:1)
  2 giant cockroaches (D:1)
  2 goblins (D:1)
  4 kobolds (D:1)
  A ball python (D:1)
  A rat (D:1)
13 creatures vanquished.

Notes
Turn   | Place    | Note
-------+----------+-------------------------------------------
     0 | D:1      | mortz the Human Conjurer began the quest for the Orb.
     0 | D:1      | Reached XP level 1. HP: 13/13 MP: 3/3
   132 | D:1      | Found a faded altar of an unknown god.
   161 | D:1      | Prayed at the altar of an unknown god.
   161 | D:1      | Became a worshipper of the Wu Jian Council
   161 | D:1      | Reached * piety under Wu Jian
   184 | D:1      | Reached XP level 2. HP: 15/19 MP: 5/5
   692 | D:1      | Found Qom Abef's Antique Weapon Boutique.
  1325 | D:2      | Slain by a worm

Illustrated notes

Levels and vault maps discovered:
D:1:      ncdulo_wetmaze, layout_basic, serial_shops, nicolae_shop_crystal,
          hellmonk_ecumenical_altar_lost_god
D:2:      layout_loops_ring, serial_shops, nicolae_shop_behind_doors, shop,
          basic_altar

Action                   || total
-------------------------++-------
Melee: Whip              ||     6
       Staff             ||    58
       Punch             ||     1
 Cast: Magic Dart        ||     7
Armor: Robe              ||     1
       Plate armour      ||    41
Dodge: Dodged            ||     8
